 Dungeon Crawl Stone Soup version 0.28-a0-1382-g92835e5c71 (webtiles) character file.

Game seed: 17252583000634714599

115431 Megalobster the Executioner (level 16, -5/147 HPs)
             Began as a Minotaur Berserker on Nov 8, 2021.
             Was a High Priest of Trog.
             Killed from afar by a swamp worm (18 damage)
             ... with a harpoon shot
             ... called by a spriggan druid
             ... on level 2 of the Swamp on Jan 1, 2022.
             The game lasted 01:22:37 (34925 turns).

Megalobster the Executioner (Minotaur Berserker)   Turns: 34925, Time: 01:22:37

Health: -5/147     AC: 29    Str: 27    XL:     16   Next: 18%
Magic:  5/5        EV: 11    Int: 10    God:    Trog [*****.]
Gold:   3311       SH:  5    Dex: 11    Spells: 15/15 levels left

rFire   + + .      SeeInvis +   a - +2 battleaxe (antimagic)
rCold   + + +      Faith    .   (shield currently unavailable)
rNeg    + . .      Spirit   .   D - +7 plate armour of Relossy {rF++ rC+++ Str-5 Int+3}
rPois   +          Reflect  +   (helmet restricted)
rElec   +          Harm     .   I - +2 cloak
rCorr   .          Rampage  .   S - +2 pair of gloves
Will    +++..                   (no boots)
Stlth   ..........              h - amulet of the Trilobite {Reflect rPois Str+3 SH+5}
HPRegen 0.34/turn               e - ring "Orain" {rC+ rN+ Will+ Stlth+}
MPRegen 0.09/turn               L - ring "Xoqiecos" {rElec rC+ Will+ Int+3 SInv}

@: about to teleport, hasted, very quick
A: horns 2, retaliatory headbutt
a: Renounce Religion, Berserk, Trog's Hand, Brothers in Arms


You were on level 2 of the Swamp.
You worshipped Trog.
Trog was extremely pleased with you.
You visited 4 branches of the dungeon, and saw 25 of its levels.
You also visited: Trove and Ossuary.

You collected 3831 gold pieces.
You spent 520 gold pieces at shops.

Inventory:

Hand Weapons
 a - a +2 antimagic battleaxe (weapon)
 b - a +2 whip of electrocution
 p - a +1 battleaxe of electrocution
 U - a +1 executioner's axe of flaming
 Y - a +2 mace of protection
Missiles
 c - 7 throwing nets (quivered) {!f}
 l - 655 stones
Armour
 j - +0 ice dragon scales
 D - the +7 plate armour of Relossy (worn) {rF++ rC+++ Str-5 Int+3}
   (You found it on level 4 of the Dungeon)

   Str:       It affects your strength (-5).
   Int:       It affects your intelligence (+3).
   rF:        It greatly protects you from fire.
   rC:        It renders you almost immune to cold.
 I - a +2 cloak (worn)
 S - a +2 pair of gloves (worn)
Jewellery
 e - the ring "Orain" (left hand) {rC+ rN+ Will+ Stlth+}
   (You found it in a treasure trove)

   [ring of protection from cold]

   rC:        It protects you from cold.
   rN:        It protects you from negative energy.
   Will:      It increases your willpower.
   Stlth:     It makes you more stealthy.
 h - the amulet of the Trilobite (around neck) {Reflect rPois Str+3 SH+5}
   (You found it in a treasure trove)

   [amulet of reflection]

   It reflects blocked missile attacks.
   Str:       It affects your strength (+3).
   rPois:     It protects you from poison.
   SH:        It affects your SH (+5).
 m - the ring of Gecugypa {rElec rC+ Int+6}
   (You found it in a treasure trove)

   [ring of intelligence]

   Int:       It affects your intelligence (+6).
   rC:        It protects you from cold.
   rElec:     It insulates you from electricity.
 C - the amulet "Muschiu" {Reflect rF+ SH+5}
   (You found it in a treasure trove)

   [amulet of reflection]

   It reflects blocked missile attacks.
   rF:        It protects you from fire.
   SH:        It affects your SH (+5).
 H - the ring of Youthful Indiscretion {rCorr MP+9 Stlth+}
   (You found it on level 6 of the Lair of Beasts)

   [ring of magical power]

   MP:        It affects your magic capacity (+9).
   rCorr:     It protects you from acid and corrosion.
   Stlth:     It makes you more stealthy.
 L - the ring "Xoqiecos" (right hand) {rElec rC+ Will+ Int+3 SInv}
   (You found it on level 13 of the Dungeon)

   [ring of see invisible]

   Int:       It affects your intelligence (+3).
   rC:        It protects you from cold.
   rElec:     It insulates you from electricity.
   SInv:      It lets you see invisible.
   Will:      It increases your willpower.
 P - the macabre finger necklace {rN+}
   (You found it in a treasure trove)

   [amulet of nothing]

   It enables you to equip an extra ring.
   rN:        It protects you from negative energy.
 Q - a ring of flight
 V - the ring of the Duke {Ice rCorr}
   (You found it in a treasure trove)

   [ring of ice]

   It enhances your ice magic.
   rF:        It makes you vulnerable to fire.
   rC:        It protects you from cold.
   rCorr:     It protects you from acid and corrosion.
 Z - the ring of the Tuna {rF+++ Will+ Int+4 Dex-4}
   (You found it in a treasure trove)

   [ring of willpower]

   Int:       It affects your intelligence (+4).
   Dex:       It affects your dexterity (-4).
   rF:        It renders you almost immune to fire.
   Will:      It increases your willpower.
Wands
 v - a wand of polymorph (15)
 A - a wand of mindburst (4)
 G - a wand of iceblast (38)
 K - a wand of acid (8)
 R - a wand of flame (22)
 X - a wand of charming (4)
Scrolls
 g - 2 scrolls of holy word
 n - 7 scrolls of identify {@r1}
 o - 3 scrolls of immolation
 r - 3 scrolls of teleportation
 y - 3 scrolls of enchant weapon
 J - 4 scrolls of magic mapping
 M - 3 scrolls of summoning
 N - a scroll of silence
 W - 2 scrolls of fog
Potions
 i - 19 potions of curing {@q1}
 k - 4 potions of mutation
 s - 4 potions of ambrosia
 t - a potion of magic
 u - 5 potions of lignification
 w - 4 potions of haste
 x - 4 potions of flight
 z - 2 potions of cancellation
 B - 2 potions of might
 O - 5 potions of resistance
Miscellaneous
 d - a condenser vane


   Skills:
 + Level 14.7 Fighting
 * Level 24.5 Axes
 + Level 12.2 Armour
 + Level 11.6 Dodging
 - Level 8.5 Evocations


You had 15 spell levels left.
You didn't know any spells.
Your spell library was empty.

Dungeon Overview and Level Annotations

Branches:
Dungeon (15/15)            Temple (0/1) D:6            Lair (6/6) D:8
  Swamp (2/4) Lair:2       Spider (0/4) Lair:4        Slime (0/5) Lair:6
    Orc (2/2) D:9             Elf (0/3) Orc:2        Vaults (0/5) D:13
 Depths (0/4) D:15        Ossuary (visited)

Altars:
Ashenzari
Cheibriados
Dithmenos
Elyvilon
Fedhas
Gozag
Hepliaklqana
Makhleb
Nemelex Xobeh
Qazlal
Sif Muna
Trog
Uskayaw
Wu Jian
Xom
Yredelemnul
Zin
Beogh
Jiyva

Shops:
D:5 !   Orc:1 !   Orc:2 :!(*

Portals:
Pandemonium: Orc:2

Annotations:
D:11 1 runed translucent door


Innate Abilities, Weirdness & Mutations

You have a pair of horns on your head.
You reflexively headbutt those who attack you in melee.


Message History

Unknown command.
Unknown command.
Unknown command.
You regained 2 hp, and now have 20/147 hp.
You start resting.
You feel the effects of Trog's Hand fading.
You regained 13 hp, and now have 33/147 hp.
You start resting.
Your skin stops crawling.
You feel less strong-willed.
You regained 5 hp, and now have 39/147 hp.
You start resting.
A bloated husk comes into view.
You regained 6 hp, and now have 45/147 hp.
Unknown command.
A goliath frog comes into view.
You hit the bloated husk but do no damage.
You headbutt the bloated husk.
The bloated husk is lightly damaged.
The bloated husk explodes!
The blast of putrescent gases engulfs you!!!
* * * LOW HITPOINT WARNING * * *
You take 36 damage, and have 11/147 hp.
MASSIVE DAMAGE!!
As you read the scroll of teleportation, it crumbles to dust.
You feel strangely unstable.
Okay, then.
Okay, then.
You feel yourself speed up. The goliath frog barely misses you.
Your surroundings suddenly seem different.
Splash!
You fall into the shallow water.
Moving in this stuff is going to be slow.
An eight-headed hydra comes into view.
Found 12 gold pieces.
The eight-headed hydra roars!
As you read the scroll of teleportation, it crumbles to dust.
You feel strangely unstable.
The swamp worm fires a harpoon shot at you.
The harpoon shot hits you!!
You die...

♣♣≈≈≈§♣♣♣ ♣ ♣♣≈....♣♣
..♣ ≈♣≈.≈≈..♣ ♣.♣♣
≈≈≈≈≈.≈≈§.♣♣ ≈≈≈♣♣
≈≈≈♣.≈.w≈≈≈♣♣ ♣ ≈≈≈.♣
♣♣♣♣♣≈>.≈≈.≈♣ ♣♣♣. ≈≈≈≈.
♣♣.......♣♣♣♣..≈ ....≈
♣♣♣...≈≈≈†.....†≈§ ...§.
.≈♣♣♣@.D..≈§≈≈§≈≈≈...≈
≈♣..≈
..^....≈≈≈≈≈..≈≈≈≈≈≈≈≈≈≈
..§≈.
.♣.≈≈..≈≈≈≈.....≈≈≈≈≈≈..
.≈...
.≈≈≈≈≈≈≈≈≈≈.≈≈≈≈.≈≈≈≈≈.≈
..§≈.
≈.$≈≈.≈.≈≈≈..≈♣♣♣.≈≈.≈≈≈
.....
≈.≈....≈≈.≈..≈≈♣♣...≈...
≈≈...
♣.♣♣♣♣§≈≈≈..≈≈≈♣♣♣....≈≈
.... ♣♣
.≈≈≈.≈≈≈≈≈.≈♣≈.♣.≈≈ ..♣
......♣.≈≈§>♣♣♣♣♣≈.≈


You could see an eight-headed hydra and a swamp worm.

Vanquished Creatures
  Frances (D:13)
  Kirke (D:12)
  An orc warlord (Orc:2)
  A stone giant (D:15)
  An eleionoma (Swamp:1)
  3 dire elephants (Lair:6)
  An ettin (Lair:6)
  9 hydras
  An ice dragon (Lair:4)
  3 boulder beetles
  2 demonspawn (Orc:2)
  A centaur warrior (D:13)
  Harold (D:7)
  3 catoblepae
  9 death yaks
  An ogre mage (D:13)
  2 dancing weapons (D:13)
  An alligator (Swamp:1)
  13 two-headed ogres
  3 tengu warriors (D:15)
  5 orc high priests (Orc:2)
  A spriggan (Swamp:1)
  2 spectral death yaks (Lair:6)
  A sun demon (Orc:2)
  A spectral anaconda (Lair:6)
  8 skeletal warriors
  A spriggan druid (Swamp:2)
  2 bog bodies (Swamp:1)
  7 orc knights
  A lindwurm (Lair:6)
  An obsidian statue (Lair:6)
  5 deep elf pyromancers
  3 necromancers (Lair:6)
  23 ugly things (D:14)
  8 orc sorcerers (Orc:2)
  3 oklob plants (Lair:5)
  2 will-o-the-wisps
  2 dire elephant zombies (Lair:6)
  A manticore (D:14)
  3 cyclopes
  5 elephants (Lair:6)
  2 black mambas
  4 molten gargoyles (D:9)
  A rust devil (Orc:2)
  Maurice (D:11)
  An orange demon (Orc:2)
  A gargoyle (D:14)
  12 cane toads
  10 komodo dragons
  A dire elephant skeleton (Lair:6)
  A rime drake (Lair:5)
  3 unseen horrors
  A tengu conjurer (D:15)
  A hellwing (Orc:2)
  7 trolls
  3 tyrant leeches
  A red devil (Orc:2)
  6 blink frogs
  2 hornets
  A spectral elephant (Lair:6)
  5 slime creatures
  Sigmund (D:4)
  2 wraiths (Ossuary)
  44 yaks
  4 wyverns
  2 hogs (D:12)
  7 basilisks
  2 steam dragons (D:8)
  12 vampire mosquitoes
  A death yak simulacrum (Lair:6)
  A neqoxec (Orc:2)
  4 spectral cane toads (Lair:6)
  Edmund (D:4)
  2 swamp worms (Swamp:1)
  11 wargs
  Duvessa (D:7)
  12 water moccasins
  3 acid dragons
  2 sky beasts (D:7)
  2 elephant zombies (Lair:6)
  48 orc warriors
  2 ice beasts (D:6)
  5 ogres
  A necrophage (D:7)
  3 wolves (Lair:3)
  5 centaurs
  An elephant skeleton (Lair:6)
  4 phantoms
  3 kobold brigands
  10 bullfrogs
  A cane toad simulacrum (Lair:6)
  A gnoll sergeant (D:6)
  6 scorpions
  A water moccasin skeleton (D:6)
  Dowan (D:7)
  9 killer bees
  An elephant simulacrum (Lair:6)
  5 wights
  5 howler monkeys
  5 centaur zombies
  5 bullfrog zombies
  Crazy Yiuf (D:4)
  A gnoll shaman (D:8)
  A bullfrog skeleton (D:6)
  3 hounds
  30 orc priests
  Natasha (D:2)
  18 orc wizards
  3 killer bee zombies
  8 gnolls
  2 howler monkey skeletons
  4 adders
  2 shadow imps
  2 white imps (Lair:4)
  2 ufetubi
  2 adder zombies (Ossuary)
  2 worms
  2 dart slugs
  97 orcs
  7 bats
  6 endoplasms
  5 giant cockroaches
  9 goblins
  7 hobgoblins
  6 jackals
  5 quokkas (D:1)
  7 ball pythons
  2 ball python skeletons (Ossuary)
  2 frilled lizards
  2 hobgoblin skeletons (Ossuary)
  A hobgoblin zombie (Ossuary)
  28 kobolds
  2 kobold zombies (Ossuary)
  An orc zombie (Ossuary)
  6 rats
720 creatures vanquished.

Vanquished Creatures (collateral kills)
  A warg (Orc:2)
  2 orc warriors (Orc:2)
  An ogre (Orc:2)
  An orc wizard (Orc:2)
  2 orcs (Orc:2)
7 creatures vanquished.

Vanquished Creatures (others)
  An elephant (Lair:6)
  2 bloated husks
  A water moccasin (D:8)
  6 foxfires (Swamp:1)
  24 fungi
  44 plants
  24 withered plants (Lair:6)
102 creatures vanquished.

Grand Total: 829 creatures vanquished

Notes
Turn   | Place    | Note
-------+----------+-------------------------------------------
     0 | D:1      | Megalobster the Minotaur Berserker began the quest for the
                  | Orb.
     0 | D:1      | Reached XP level 1. HP: 19/19 MP: 0/0
    97 | D:1      | Reached XP level 2. HP: 18/27 MP: 1/1
   414 | D:1      | Reached skill level 4 in Axes
   699 | D:1      | Reached XP level 3. HP: 31/33 MP: 2/2
   717 | D:1      | Found a faded altar of an unknown god.
   825 | D:1      | Reached ** piety under Trog
  1571 | D:2      | Reached skill level 5 in Axes
  1920 | D:2      | Noticed Natasha
  1925 | D:2      | Killed Natasha
  1926 | D:2      | Reached XP level 4. HP: 40/40 MP: 3/3
  3006 | D:3      | Reached skill level 6 in Axes
  3266 | D:3      | Reached *** piety under Trog
  3355 | D:4      | Noticed a scorpion
  3359 | D:4      | Killed a scorpion
  3360 | D:4      | Reached XP level 5. HP: 46/46 MP: 4/4
  3395 | D:4      | Noticed a centaur
  3402 | D:4      | Killed a centaur
  3403 | D:4      | Reached skill level 7 in Axes
  3407 | D:4      | Found a sand-covered staircase.
  3412 | Ossuary  | Entered an ossuary
  3542 | Ossuary  | Reached XP level 6. HP: 50/52 MP: 5/5
  3568 | Ossuary  | Noticed a flying skull
  3568 | Ossuary  | Noticed a wraith
  3579 | Ossuary  | Noticed a wraith
  3593 | Ossuary  | Killed a wraith
  3594 | Ossuary  | Reached skill level 8 in Axes
  3930 | Ossuary  | Noticed a flying skull
  3989 | Ossuary  | Noticed a flying skull
  3997 | Ossuary  | Noticed a flying skull
  4005 | Ossuary  | Noticed a wraith
  4013 | Ossuary  | Killed a wraith
  4014 | Ossuary  | Reached skill level 9 in Axes
  4014 | Ossuary  | Reached XP level 7. HP: 25/59 MP: 6/6
  4430 | D:4      | Identified the +7 plate armour of Relossy {rF++ rC+++ Str-5
                  | Int+3}
  4598 | D:4      | Noticed Edmund
  4634 | D:4      | Killed Edmund
  4696 | D:4      | Reached skill level 10 in Axes
  4892 | D:4      | Noticed Sigmund
  4904 | D:4      | Killed Sigmund
  4905 | D:4      | Reached skill level 5 in Armour
  4905 | D:4      | Reached XP level 8. HP: 45/66 MP: 7/7
  5148 | D:4      | Upgraded the game from 0.28-a0-816-gb054d885db to
                  | 0.28-a0-1382-g92835e5c71
  5234 | D:4      | Found a runed translucent door.
  5235 | D:4      | Noticed Crazy Yiuf
  5242 | D:4      | Killed Crazy Yiuf
  5283 | D:4      | Reached skill level 11 in Axes
  5492 | D:5      | Entered Level 5 of the Dungeon
  6134 | D:5      | Found an ornate altar of the Wu Jian Council.
  6138 | D:5      | Found a bloodstained altar of Trog.
  6144 | D:5      | Found a shimmering blue altar of Sif Muna.
  6147 | D:5      | Found a burning altar of Makhleb.
  6149 | D:5      | Found a snail-covered altar of Cheibriados.
  6154 | D:5      | Found a stormy altar of Qazlal.
  6176 | D:5      | Found Gufruc's Distillery.
  6178 | D:5      | Found a sparkling altar of Nemelex Xobeh.
  6185 | D:5      | Bought a potion of curing for 42 gold pieces
  6185 | D:5      | Bought 2 potions of curing for 84 gold pieces
  6333 | D:5      | Reached **** piety under Trog
  7096 | D:6      | Found a staircase to the Ecumenical Temple.
  7105 | D:6      | Reached skill level 12 in Axes
  7394 | D:6      | Reached XP level 9. HP: 46/71 MP: 8/8
  7704 | D:6      | Found a basalt altar of Yredelemnul.
  7722 | D:6      | Reached skill level 13 in Axes
  8294 | D:6      | Found a shadowy altar of Dithmenos.
  8294 | D:6      | Found a broken altar of Ashenzari.
  8295 | D:6      | Found a white marble altar of Elyvilon.
  8410 | D:7      | Noticed Duvessa
  8414 | D:7      | Noticed Dowan
  8423 | D:7      | Killed Duvessa
  8434 | D:7      | Killed Dowan
  8435 | D:7      | Reached skill level 14 in Axes
  8739 | D:7      | Reached skill level 1 in Evocations
  8827 | D:7      | Noticed Harold
  8848 | D:7      | Killed Harold
  8849 | D:7      | Reached XP level 10. HP: 78/78 MP: 0/9
  9624 | D:8      | Found a staircase to the Lair.
  9738 | D:8      | Reached skill level 15 in Axes
  9974 | D:8      | Found an opulent altar of Gozag.
  9974 | D:8      | Found a glowing silver altar of Zin.
 10199 | D:9      | Noticed a two-headed ogre
 10207 | D:9      | Killed a two-headed ogre
 10208 | D:9      | Reached skill level 16 in Axes
 10730 | D:9      | Reached skill level 5 in Evocations
 10766 | D:9      | Reached XP level 11. HP: 85/85 MP: 3/10
 11118 | D:9      | Found a staircase to the Orcish Mines.
 11131 | D:9      | Reached skill level 5 in Fighting
 11562 | D:9      | Reached skill level 17 in Axes
 12067 | D:10     | Entered Level 10 of the Dungeon
 12345 | D:10     | Noticed a two-headed ogre
 12359 | D:10     | Killed a two-headed ogre
 12532 | D:10     | Found a portal to a secret trove of treasure.
 12542 | D:10     | You paid a toll of 5 scrolls of blinking to enter a
                  | treasure trove
 12543 | Trove    | Entered a treasure trove
 12549 | Trove    | Found the macabre finger necklace {rN+}
 12552 | Trove    | Identified the ring "Orain" {rC+ rN+ Will+ Stlth+}
 12558 | Trove    | Identified the amulet "Muschiu" {Reflect rF+ SH+5}
 12568 | Trove    | Identified the ring of the Duke {Ice rCorr}
 12571 | Trove    | Identified the ring of the Tuna {rF+++ Will+ Int+4 Dex-4}
 12573 | Trove    | Identified the amulet of the Trilobite {Reflect rPois Str+3
                  | SH+5}
 12574 | Trove    | Identified the ring of Gecugypa {rElec rC+ Int+6}
 13181 | Lair:1   | Entered Level 1 of the Lair of Beasts
 13198 | Lair:1   | Noticed a boulder beetle
 13210 | Lair:1   | Killed a boulder beetle
 13520 | Lair:1   | Reached skill level 18 in Axes
 14450 | Lair:2   | Identified a scroll of acquirement
 14502 | Lair:2   | Acquired 1213 gold pieces
 14604 | Lair:2   | Found a staircase to the Swamp.
 14950 | Lair:2   | Reached XP level 12. HP: 101/101 MP: 3/11
 15799 | Lair:3   | Paralysed by a hornet for 1 turns
 15988 | Lair:3   | Reached skill level 19 in Axes
 16629 | Lair:3   | Noticed a four-headed hydra
 16634 | Lair:3   | Killed a four-headed hydra
 17098 | Lair:4   | Found a hole to the Spider Nest.
 17282 | Lair:4   | Noticed an ice dragon
 17292 | Lair:4   | Killed an ice dragon
 17607 | Lair:4   | Noticed a death yak
 17624 | Lair:4   | Killed a death yak
 17665 | Lair:4   | Noticed a death yak
 17665 | Lair:4   | Noticed a death yak
 17665 | Lair:4   | Noticed a death yak
 17678 | Lair:4   | Killed a death yak
 17685 | Lair:4   | Killed a death yak
 17686 | Lair:4   | Noticed a death yak
 17689 | Lair:4   | Killed a death yak
 17827 | Lair:4   | Noticed a catoblepas
 17827 | Lair:4   | Noticed a death yak
 17827 | Lair:4   | Noticed a death yak
 17834 | Lair:4   | Killed a catoblepas
 17835 | Lair:4   | Killed a death yak
 17839 | Lair:4   | Killed a death yak
 17927 | Lair:4   | Reached XP level 13. HP: 112/112 MP: 4/12
 18086 | Lair:4   | Reached skill level 5 in Dodging
 18087 | Lair:4   | Reached skill level 20 in Axes
 18417 | Lair:5   | Reached skill level 10 in Fighting
 19203 | Lair:5   | Found a shimmering altar of Xom.
 19374 | Lair:5   | Found a blossoming altar of Fedhas.
 20023 | Lair:6   | Entered Level 6 of the Lair of Beasts
 20520 | Lair:6   | Reached skill level 21 in Axes
 20524 | Lair:6   | Noticed an ettin
 20524 | Lair:6   | a four-headed hydra changed into an ettin
 20529 | Lair:6   | Killed an ettin
 20647 | Lair:6   | Found the +8 demon blade "Leech" {vamp, Harm Drain rN+}
 20793 | Lair:6   | Found a viscous altar of Jiyva.
 20793 | Lair:6   | Found a staircase to the Slime Pits.
 20958 | Lair:6   | Noticed a dire elephant
 20958 | Lair:6   | Noticed a dire elephant
 20958 | Lair:6   | Noticed a dire elephant
 21322 | Lair:6   | Identified the ring of Youthful Indiscretion {rCorr MP+9
                  | Stlth+}
 21385 | Lair:6   | Reached XP level 14. HP: 72/124 MP: 4/13
 22247 | Lair:6   | HP: 5/187 [dire elephant (15)]
 23518 | Orc:1    | Entered Level 1 of the Orcish Mines
 23774 | Orc:1    | Found Boriem's Distillery.
 23949 | Orc:1    | Bought a potion of haste for 140 gold pieces
 23949 | Orc:1    | Bought 2 potions of curing for 84 gold pieces
 24321 | Orc:2    | Entered Level 2 of the Orcish Mines
 24382 | Orc:2    | Reached skill level 22 in Axes
 24656 | Orc:2    | Found a staircase to the Elven Halls.
 24899 | Orc:2    | Noticed an orc warlord
 24933 | Orc:2    | Killed an orc warlord
 25205 | Orc:2    | Found Ymyim's Distillery.
 25406 | Orc:2    | Found Miasasowk's General Store.
 25763 | Orc:2    | Bought a scroll of teleportation for 33 gold pieces
 25763 | Orc:2    | Bought a scroll of teleportation for 33 gold pieces
 25763 | Orc:2    | Bought a scroll of summoning for 104 gold pieces
 25912 | Orc:2    | Reached skill level 10 in Armour
 26060 | Orc:2    | Found Ehuakilurph's Book Boutique.
 26060 | Orc:2    | Found Noyraheh's Antique Weapon Shop.
 26061 | Orc:2    | Found a one-way gate leading to the halls of Pandemonium.
 26498 | D:11     | Noticed Maurice
 26500 | D:11     | Killed Maurice
 26533 | D:11     | Reached ***** piety under Trog
 26586 | D:11     | Reached XP level 15. HP: 103/136 MP: 4/14
 26706 | D:11     | Reached skill level 23 in Axes
 27208 | D:11     | Found a runed translucent door.
 27514 | D:11     | Found a hide-covered altar of Uskayaw.
 27903 | D:12     | Reached skill level 10 in Dodging
 28041 | D:12     | Noticed Kirke
 28047 | D:12     | Killed Kirke
 28333 | D:13     | Identified the ring "Xoqiecos" {rElec rC+ Will+ Int+3 SInv}
 29130 | D:13     | Noticed Frances
 29143 | D:13     | Killed Frances
 29301 | D:13     | Found a gate to the Vaults.
 29963 | D:13     | Found a hazy altar of Hepliaklqana.
 29965 | D:13     | Found a hazy altar of Hepliaklqana.
 29965 | D:13     | Found a shimmering altar of Xom.
 29967 | D:13     | Found a sparkling altar of Nemelex Xobeh.
 29967 | D:13     | Found an opulent altar of Gozag.
 29967 | D:13     | Found a shimmering blue altar of Sif Muna.
 31305 | D:14     | Reached skill level 24 in Axes
 31574 | D:14     | Found an ornate altar of the Wu Jian Council.
 32035 | D:15     | Entered Level 15 of the Dungeon
 32962 | D:15     | Found a broken altar of Ashenzari.
 32987 | D:15     | Identified the +6 trident of Tension {chaos, Stlth+}
 33182 | D:15     | Reached XP level 16. HP: 120/147 MP: 5/15
 33195 | D:15     | Found a staircase to the Depths.
 33851 | Swamp:1  | Entered Level 1 of the Swamp
 34925 | Swamp:2  | Killed from afar by a swamp worm

Illustrated notes

Levels and vault maps discovered:
D:1:      roderic_chinese_lattice_arrival, layout_rooms, serial_bayou,
          serial_bayou_crossing, serial_bayou_lagoon_a, serial_bayou_pond_b,
          serial_bayou_shore_b, ebering_ecumenical_altar_sacrificial
D:2:      layout_basic, minmay_fountain_box, uniq_natasha
D:3:      layout_loops_ring, roderic_lattice_a
D:4:      layout_gridville, nicolae_ossuary_entry_monument,
          sigmund_edmund_badplayer, uniq_crazy_yiuf_cottage, uniq_edmund
D:5:      layout_layer_cave, nicolae_overflow_hallway_of_the_gods,
          lemuel_round_altar, serial_shops, shop
D:6:      layout_basic, gammafunk_temple_overflow_forgotten,
          nicolae_yredelemnul_corpse_copse, minmay_temple_entry_stoned_glass,
          grunt_ministairs_9, hex_medium, st_stairs_9
D:7:      layout_basic, uniq_duvessa, uniq_harold
D:8:      layout_gridville, grunt_temple_overflow_gold_and_silver,
          lair_entry_dummy, serial_co_window_serial, co_window_paths_a,
          co_window_paths_a, co_window_paths_b, co_window_paths_a,
          co_window_corner_a, co_window_unsneaky_path_a,
          co_window_of_opportunity_b, co_window_unsneaky_path_e, glass_columns_a
D:9:      layout_rooms, david_orc_1_choice, minivault_8
D:10:     layout_basic, special_room [special_room_orc], enter_trove_2,
          minmay_diced_spiral
D:11:     layout_rooms, nicolae_danse_macabre, uniq_maurice
D:12:     layout_roguey, uniq_kirke
D:13:     layout_loops_ring, erik_vaults_1, nrook_mini_vaults,
          doesnt_xom_only_xom, uniq_frances
D:14:     layout_long_grid, minmay_misc_feat_ornament, nzn_wu_jian_contemplation
D:15:     grunt_enter_depths_snipers, layout_irregular_city,
          evilmike_ruin_ashenzari
Lair:1:   layout_hall_layers
Lair:2:   layout_big_grid, swamp_mist_pool, st_stairs_11
Lair:3:   layout_regular_city, chequers_serial_rivers_room_a
Lair:4:   beast_lair_carwin_large_3, layout_long_grid, dummy_spider_entry,
          bobbens_ice_dragon_lair
Lair:5:   layout_gridlike, basic_altar, serial_bayou_pond_e,
          hangedman_tree_tricks
Lair:6:   due_jungle_book, layout_small_grid, dpeg_slime_entry_enclosed_altar,
          lookout_lair_type, lemuel_fruit_fields
Swamp:1:  layout_basic_swamp, evilmike_swamp_ruin_rubble_2, swamp_pool4
Swamp:2:  layout_basic_swamp, nicolae_swamp_trees_clearing, swamp_pool4,
          uniq_roxanne
Orc:1:    layout_diamond_mine, serial_shops, nicolae_shop_window_shopping
Orc:2:    pf_orc_diabolical, layout_diamond_mine

Skill      XL: |  1  2  3  4  5  6  7  8  9 10 11 12 13 14 15 16 |
---------------+-------------------------------------------------+-----
Fighting       | 4 7 9 11 13 14 | 14.7
Axes           | 4 5 6 7 9 10 12 14 16 18 19 21 22 24 | 24.5
Armour         | 3 5 7 9 10 11 12 | 12.2
Evocations     | 2 5 6 8 |  8.5
Dodging        | 4 7 9 11 | 11.6

Action                   |  1- 3 |  4- 6 |  7- 9 | 10-12 | 13-15 | 16-18 || total
-------------------------+-------+-------+-------+-------+-------+-------++-------
Melee: Hand axe          |    88 |     8 |       |       |       |       ||    96
       Headbutt          |    14 |    12 |    53 |   108 |   280 |    20 ||   487
       War axe           |       |    87 |   352 |       |       |       ||   439
       Battleaxe         |       |       |       |   591 |  1062 |    99 ||  1752
       Whip              |       |       |       |       |    41 |     2 ||    43
Invok: Berserk           |     3 |     5 |    10 |    21 |    15 |     1 ||    55
       Trog's Hand       |       |       |     4 |     4 |     6 |     1 ||    15
       Brothers in Arms  |       |       |       |       |     2 |       ||     2
Evoke: Wand              |       |       |       |     8 |    12 |     2 ||    22
       Condenser vane    |       |       |       |       |     2 |       ||     2
  Use: Scroll            |       |     3 |     6 |    15 |    12 |     6 ||    42
       Potion            |       |       |     5 |     2 |     9 |     2 ||    18
 Stab: Invisible         |       |       |       |       |     8 |       ||     8
Armor: Animal skin       |     2 |       |       |       |       |       ||     2
       Leather armour    |    29 |    27 |     3 |       |       |       ||    59
       Plate armour      |       |       |   243 |   310 |   506 |    55 ||  1114
Dodge: Dodged            |    51 |    61 |   116 |   150 |   320 |    48 ||   746
Block: Other             |       |       |       |    39 |   186 |    19 ||   244
       Reflection        |       |       |       |       |     5 |       ||     5

Table legend: (Time is in decaauts)
 A = Elapsed time spent in this place.
 B = Non-inter-level travel time spent in this place.
 C = Inter-level travel time spent in this place.
 D = Time resting spent in this place.
 E = Time spent auto-exploring this place.
 F = Levels seen in this place.
 G = Mean time per level.
                   A        B        C        D        E       F      G
               +--------+--------+--------+--------+--------+-----+--------+
         Total |  35013 |  33908 |   1105 |  11766 |  16601 |  27 | 1296.8 |
       Dungeon |  19718 |  19032 |    686 |   5958 |  10285 |  15 | 1314.5 |
          Lair |  10261 |   9891 |    370 |   4094 |   4339 |   6 | 1710.2 |
         Swamp |   1105 |   1099 |      6 |    229 |    679 |   2 |  552.5 |
  Orcish Mines |   2876 |   2834 |     42 |    816 |   1297 |   2 | 1438.0 |
         Trove |     92 |     92 |      0 |      0 |      0 |   1 |   92.0 |
       Ossuary |    959 |    959 |      0 |    668 |      0 |   1 |  959.0 |
               +--------+--------+--------+--------+--------+-----+--------+

Top non-repeatable levels by time:
  Lair:6: 3261 daAuts
   Orc:2: 2036 daAuts
    D:13: 1988 daAuts
     D:9: 1988 daAuts
     D:5: 1836 daAuts
    D:14: 1696 daAuts
    D:15: 1623 daAuts
  Lair:5: 1610 daAuts
  Lair:3: 1520 daAuts
  Lair:4: 1368 daAuts
  Lair:1: 1334 daAuts
     D:4: 1287 daAuts
     D:3: 1167 daAuts
  Lair:2: 1166 daAuts
     D:1: 1128 daAuts
